TOP OF THE 1ST |
Madison Bombers batting - Pitching for Birmingham Steeldogs : RHP Jorge Salazar
|
Pitching: RHP Jorge Salazar
|
|
Batting: SHB Ricardo Arévalo
|
0-0: Ball 1-0: Ball 2-0: Called Strike 2-1: Swinging Strike 2-2: Ground out 3-1 (Groundball, 34S)
|
Batting: LHB George Smith
|
0-0: Ball 1-0: Foul Ball, location: 2F 1-1: Ball 2-1: Foul Ball, location: 2F 2-2: Ground out 4-3 (Groundball, 4D)
|
Batting: RHB Sergio Márquez
|
0-0: Foul Ball, location: 2F 0-1: Ball 1-1: Fly out, F7 (Flyball, 7D)
|
Top of the 1st over - 0 run(s), 0 hit(s), 0 error(s), 0 left on base; Madison 0 - Birmingham 0 |
BOTTOM OF THE 1ST |
Birmingham Steeldogs batting - Pitching for Madison Bombers : RHP Clint John
|
Pitching: RHP Clint John
|
|
Batting: RHB Nick Webb
|
0-0: Ball 1-0: Foul Ball, location: 2F 1-1: SINGLE (Groundball, 4S) (infield hit)
|
Batting: RHB Sixto Vélez
|
0-0: Ball 1-0: Swinging Strike 1-1: Ball 2-1: Called Strike 2-2: SINGLE (Line Drive, 8RS) Nick Webb to second Runner from 2nd tries for 3rd, SAFE, no throw
|
Batting: LHB José Hernández
|
0-0: Ball 1-0: Fly out, F4 (Popup, 4)
|
Batting: RHB Valentín Borges
|
0-0: Ball 1-0: Ground out 5-3 (Groundball, 56S) Nick Webb scores Sixto Vélez to second
|
Batting: LHB Curt Walker
|
0-0: Called Strike 0-1: Ball 1-1: SINGLE (Line Drive, 89S) Sixto Vélez to third Runner from 3rd tries for Home, throw and OUT!
|
Bottom of the 1st over - 1 run(s), 3 hit(s), 0 error(s), 1 left on base; Madison 0 - Birmingham 1 |
TOP OF THE 2ND |
Madison Bombers batting - Pitching for Birmingham Steeldogs : RHP Jorge Salazar
|
Batting: LHB Mike Callahan
|
0-0: Ball 1-0: Ball 2-0: Called Strike 2-1: Foul Ball, location: 2F 2-2: Ball 3-2: Ground out 6-3 (Groundball, 6)
|
Batting: SHB Jorge Flores
|
0-0: Ball 1-0: Fly out, F7 (Flyball, 7)
|
Batting: RHB Javier Deleón
|
0-0: Ball 1-0: Foul Ball, location: 2F 1-1: Called Strike 1-2: Ball 2-2: Foul Ball, location: 2F 2-2: Foul Ball, location: 2F 2-2: Ball 3-2: Fly out, F7 (Flyball, 7LS)
|
Top of the 2nd over - 0 run(s), 0 hit(s), 0 error(s), 0 left on base; Madison 0 - Birmingham 1 |
BOTTOM OF THE 2ND |
Birmingham Steeldogs batting - Pitching for Madison Bombers : RHP Clint John
|
Batting: RHB Yujiro Kurihara
|
0-0: Called Strike 0-1: Ball 1-1: Reached on error, E5 (Groundball, 56)
|
Batting: LHB Ashley Pickhills
|
0-0: Called Strike 0-1: Ball 1-1: Ball 2-1: Foul Ball, location: 2F 2-2: Grounds into double play, 4-6-3 (Groundball, 4)
|
Batting: RHB Eric Johnson
|
0-0: Ball 1-0: Ball 2-0: Swinging Strike 2-1: Ball 3-1: Foul Ball, location: 2F 3-2: Foul Ball, location: 2F 3-2: SINGLE (Flyball, 9LS)
|
Batting: RHB José Carlos Caraballo
|
0-0: Ball 1-0: Ball 2-0: Ball 3-0: Foul Ball, location: 2F 3-1: Base on Balls Eric Johnson to second
|
Batting: RHB Nick Webb
|
0-0: Fielders Choice at 2nd, 6-4 (Groundball, 6)
|
Bottom of the 2nd over - 0 run(s), 1 hit(s), 1 error(s), 1 left on base; Madison 0 - Birmingham 1 |
TOP OF THE 3RD |
Madison Bombers batting - Pitching for Birmingham Steeldogs : RHP Jorge Salazar
|
Batting: RHB Cris Fuentes
|
0-0: Called Strike 0-1: Ball 1-1: Foul Ball, location: 2F 1-2: Ball 2-2: Strikes out swinging
|
Batting: RHB Will Brown
|
0-0: Ball 1-0: Ball 2-0: Ball 3-0: Called Strike 3-1: Base on Balls
|
Batting: SHB Martín Medina
|
0-0: Ball 1-0: Ball 2-0: Called Strike 2-1: Fly out, F7 (Flyball, 7)
|
Batting: SHB Ricardo Arévalo
|
0-0: Called Strike Will Brown steals 2nd base 0-1: Ball 1-1: Foul Ball, location: 2F 1-2: Ball 2-2: Foul Ball, location: 2F 2-2: Ball 3-2: Ground out 5-3 (Groundball, 56)
|
Top of the 3rd over - 0 run(s), 0 hit(s), 0 error(s), 1 left on base; Madison 0 - Birmingham 1 |
BOTTOM OF THE 3RD |
Birmingham Steeldogs batting - Pitching for Madison Bombers : RHP Clint John
|
Batting: RHB Sixto Vélez
|
0-0: Ball 1-0: Foul Ball, location: 2F 1-1: Ball 2-1: Ground out 5-3 (Groundball, 5)
|
Batting: LHB José Hernández
|
0-0: Foul Ball, location: 2F 0-1: Ball 1-1: Called Strike 1-2: Foul Ball, location: 2F 1-2: Ball 2-2: Foul Ball, location: 2F 2-2: Ball 3-2: Foul Ball, location: 2F 3-2: Foul Ball, location: 2F 3-2: SINGLE (Flyball, 8LS)
|
Batting: RHB Valentín Borges
|
0-0: Grounds into double play, 5-4-3 (Groundball, 5)
|
Bottom of the 3rd over - 0 run(s), 1 hit(s), 0 error(s), 0 left on base; Madison 0 - Birmingham 1 |
TOP OF THE 4TH |
Madison Bombers batting - Pitching for Birmingham Steeldogs : RHP Jorge Salazar
|
Batting: LHB George Smith
|
0-0: Called Strike 0-1: Ball 1-1: Foul Ball, location: 2F 1-2: Strikes out swinging
|
Batting: RHB Sergio Márquez
|
0-0: Ball 1-0: Called Strike 1-1: Foul Ball, location: 2F 1-2: Strikes out swinging
|
Batting: LHB Mike Callahan
|
0-0: Ball 1-0: Ground out U3 (Groundball, 3L)
|
Top of the 4th over - 0 run(s), 0 hit(s), 0 error(s), 0 left on base; Madison 0 - Birmingham 1 |
BOTTOM OF THE 4TH |
Birmingham Steeldogs batting - Pitching for Madison Bombers : RHP Clint John
|
Batting: LHB Curt Walker
|
0-0: Foul Ball, location: 2F 0-1: Fly out, F7 (Line Drive, 7)
|
Batting: RHB Yujiro Kurihara
|
0-0: Ball 1-0: Ball 2-0: Ball 3-0: Base on Balls
|
Batting: LHB Ashley Pickhills
|
0-0: Ball 1-0: SINGLE (Groundball, 6MD) Yujiro Kurihara to second Yujiro Kurihara to third
|
Batting: RHB Eric Johnson
|
0-0: Ball Ashley Pickhills steals 2nd base 1-0: Ball 2-0: Foul Ball, location: 2F 2-1: Foul Ball, location: 2F 2-2: Foul Ball, location: 2F 2-2: Ball 3-2: Foul Ball, location: 2F 3-2: Strikes out swinging
|
Batting: RHB José Carlos Caraballo
|
0-0: Called Strike 0-1: Called Strike 0-2: Ground out 1-3 (Groundball, 13)
|
Bottom of the 4th over - 0 run(s), 1 hit(s), 0 error(s), 2 left on base; Madison 0 - Birmingham 1 |
TOP OF THE 5TH |
Madison Bombers batting - Pitching for Birmingham Steeldogs : RHP Jorge Salazar
|
Batting: SHB Jorge Flores
|
0-0: Ball 1-0: SINGLE (Line Drive, 4M)
|
Batting: RHB Javier Deleón
|
0-0: Called Strike Jorge Flores is caught stealing 2nd base 0-1: Called Strike 0-2: SOLO HOME RUN (Flyball, 7D), Distance : 371 ft
|
Batting: RHB Cris Fuentes
|
0-0: Fly out, F4 (Popup, 4S)
|
Batting: RHB Will Brown
|
0-0: Ball 1-0: Foul Ball, location: 2F 1-1: Swinging Strike 1-2: Foul Ball, location: 2F 1-2: Strikes out swinging
|
Top of the 5th over - 1 run(s), 2 hit(s), 0 error(s), 0 left on base; Madison 1 - Birmingham 1 |
BOTTOM OF THE 5TH |
Birmingham Steeldogs batting - Pitching for Madison Bombers : RHP Clint John
|
Batting: RHB Nick Webb
|
0-0: Ground out 1-3 (Groundball, 13S)
|
Batting: RHB Sixto Vélez
|
0-0: Ball 1-0: Foul Ball, location: 2F 1-1: Foul Ball, location: 2F 1-2: Ground out 4-3 (Groundball, 4MS)
|
Batting: LHB José Hernández
|
0-0: Fly out, F4 (Popup, 3D)
|
Bottom of the 5th over - 0 run(s), 0 hit(s), 0 error(s), 0 left on base; Madison 1 - Birmingham 1 |
TOP OF THE 6TH |
Madison Bombers batting - Pitching for Birmingham Steeldogs : RHP Jorge Salazar
|
Batting: SHB Martín Medina
|
0-0: Ball 1-0: Foul Ball, location: 2F 1-1: Fly out, F4 (Popup, 4)
|
Batting: SHB Ricardo Arévalo
|
0-0: Ball 1-0: Ball 2-0: Ball 3-0: Base on Balls
|
Batting: LHB George Smith
|
0-0: Grounds into double play, 4-6-3 (Groundball, 4)
|
Top of the 6th over - 0 run(s), 0 hit(s), 0 error(s), 0 left on base; Madison 1 - Birmingham 1 |
BOTTOM OF THE 6TH |
Birmingham Steeldogs batting - Pitching for Madison Bombers : RHP Clint John
|
Batting: RHB Valentín Borges
|
0-0: Called Strike 0-1: Ball 1-1: Fly out, F8 (Flyball, 8RXD)
|
Batting: LHB Curt Walker
|
0-0: Ball 1-0: Ball 2-0: Swinging Strike 2-1: Ball 3-1: Base on Balls
|
Batting: RHB Yujiro Kurihara
|
0-0: Ground out 5-3 (Groundball, 6S) Curt Walker to second
|
Batting: LHB Ashley Pickhills
|
0-0: DOUBLE (Line Drive, 9LS) Curt Walker scores
|
Batting: RHB Eric Johnson
|
0-0: Ball 1-0: Ball 2-0: Ball 3-0: Called Strike 3-1: 2-RUN HOME RUN (Flyball, 78XD), Distance : 409 ft
|
Batting: RHB José Carlos Caraballo
|
0-0: Called Strike 0-1: DOUBLE (Line Drive, 5D)
|
Batting: RHB Nick Webb
|
0-0: Ball 1-0: Swinging Strike 1-1: SINGLE (Flyball, 6MD) José Carlos Caraballo to third Runner from 3rd tries for Home, throw and OUT!
|
Bottom of the 6th over - 3 run(s), 4 hit(s), 0 error(s), 1 left on base; Madison 1 - Birmingham 4 |
TOP OF THE 7TH |
Madison Bombers batting - Pitching for Birmingham Steeldogs : RHP Jorge Salazar
|
Batting: RHB Sergio Márquez
|
0-0: Ball 1-0: Foul Ball, location: 2F 1-1: Swinging Strike 1-2: Fly out, F1 (Line Drive, 13)
|
Batting: LHB Mike Callahan
|
0-0: Fly out, F9 (Flyball, 9LS)
|
Batting: SHB Jorge Flores
|
0-0: Ball 1-0: Called Strike 1-1: Called Strike 1-2: Foul Ball, location: 2F 1-2: Strikes out swinging
|
Top of the 7th over - 0 run(s), 0 hit(s), 0 error(s), 0 left on base; Madison 1 - Birmingham 4 |
BOTTOM OF THE 7TH |
Birmingham Steeldogs batting - Pitching for Madison Bombers : RHP Clint John
|
Pitching: RHP Johnathan Phillips
|
|
Batting: RHB Sixto Vélez
|
0-0: Ball 1-0: Ball 2-0: Ball 3-0: Called Strike 3-1: Base on Balls
|
Batting: LHB José Hernández
|
0-0: Called Strike Sixto Vélez steals 2nd base 0-1: Fly out, F9 (Line Drive, 9)
|
Batting: RHB Valentín Borges
|
0-0: Intentional Walk
|
Pitching: LHP Fred Martin
|
|
Batting: LHB Curt Walker
|
0-0: Called Strike 0-1: Ball 1-1: Fielders Choice at 2nd, 6-4 (Groundball, 6) Sixto Vélez to third
|
Batting: RHB Yujiro Kurihara
|
0-0: Ball 1-0: Called Strike 1-1: Ball 2-1: Foul Ball, location: 2F 2-2: Ball 3-2: Fly out, F8 (Flyball, 8RS)
|
Bottom of the 7th over - 0 run(s), 0 hit(s), 0 error(s), 2 left on base; Madison 1 - Birmingham 4 |
TOP OF THE 8TH |
Madison Bombers batting - Pitching for Birmingham Steeldogs : RHP Jorge Salazar
|
Batting: RHB Javier Deleón
|
0-0: Fly out, F9 (Flyball, 9S)
|
Batting: RHB Cris Fuentes
|
0-0: Ball 1-0: Fly out, F2 (Popup, 34S)
|
Batting: RHB Will Brown
|
0-0: Called Strike 0-1: Swinging Strike 0-2: Strikes out swinging
|
Top of the 8th over - 0 run(s), 0 hit(s), 0 error(s), 0 left on base; Madison 1 - Birmingham 4 |
BOTTOM OF THE 8TH |
Birmingham Steeldogs batting - Pitching for Madison Bombers : LHP Fred Martin
|
Pitching: RHP Ramiro Rivera
|
|
Batting: LHB Ashley Pickhills
|
0-0: Swinging Strike 0-1: Fly out, F8 (Flyball, 8LM)
|
Batting: RHB Eric Johnson
|
0-0: SOLO HOME RUN (Flyball, 78XD), Distance : 390 ft
|
Batting: RHB José Carlos Caraballo
|
0-0: Ball 1-0: SINGLE (Groundball, 25) (infield hit)
|
Batting: RHB Nick Webb
|
0-0: Ball 1-0: Called Strike José Carlos Caraballo steals 2nd base 1-1: Ball 2-1: Fly out, F7 (Flyball, 7S)
|
Batting: RHB Sixto Vélez
|
0-0: Foul Ball, location: 2F 0-1: Ball 1-1: Swinging Strike 1-2: Strikes out swinging
|
Bottom of the 8th over - 1 run(s), 2 hit(s), 0 error(s), 1 left on base; Madison 1 - Birmingham 5 |
TOP OF THE 9TH |
Madison Bombers batting - Pitching for Birmingham Steeldogs : RHP Jorge Salazar
|
Pitching: RHP Jeffrey Stephens
|
|
Batting: SHB Martín Medina
|
0-0: Ball 1-0: Ball 2-0: Ground out U3 (Groundball, 3)
|
Batting: SHB Ricardo Arévalo
|
0-0: Called Strike 0-1: Foul Ball, location: 2F 0-2: Foul Ball, location: 2F 0-2: Ball 1-2: SINGLE (Flyball, 7LS)
|
Batting: LHB George Smith
|
0-0: Ball 1-0: Called Strike 1-1: Foul Ball, location: 2F 1-2: Strikes out swinging
|
Batting: RHB Sergio Márquez
|
0-0: Swinging Strike 0-1: Swinging Strike 0-2: Ball 1-2: Strikes out looking
|
Top of the 9th over - 0 run(s), 1 hit(s), 0 error(s), 1 left on base; Madison 1 - Birmingham 5 |
|